 Dungeon Crawl Stone Soup version 0.22-a0-430-g6609fc6 (webtiles) character file.

5458 Jynxie the Cleaver (level 11, -4/92 HPs)
             Began as a Formicid Abyssal Knight on May 26, 2018.
             Was a High Priest of Lugonu.
             Succumbed to a queen ant's poison
             ... on level 7 of the Dungeon on May 27, 2018.
             The game lasted 00:54:24 (11260 turns).

Jynxie the Cleaver (Formicid Abyssal Knight)       Turns: 11260, Time: 00:54:25

Health: -4/92      AC:  7    Str: 16    XL:     11   Next: 0%
Magic:  12/12      EV: 10    Int: 13    God:    Lugonu [*****.]
Gold:   416        SH:  0    Dex: 13    Spells: 10/10 levels left

rFire    . . .     SeeInvis +   o - +3 war axe (freeze)
rCold    + . .     Gourm    .   (no shield)
rNeg     . . .     Faith    .   m - +2 ring mail {rC+}
rPois    .         Spirit   .   (helmet unavailable)
rElec    .         Reflect  .   (no cloak)
rCorr    .         Harm     .   (no gloves)
MR       +....                  (no boots)
Stlth    +.........             (no amulet)
HPRegen  0.25/turn              a - ring of wizardry
MPRegen  0.13/turn              (no ring)

@: lethally poisoned (-4 -> -133)
A: permanent stasis, dig shafts and tunnels, four strong arms, antennae 3,
mutation resistance 1
a: Dig, Shaft Self, Depart the Abyss, Bend Space, Banish, Corrupt, Enter the
Abyss, Renounce Religion


You were on level 7 of the Dungeon.
You worshipped Lugonu.
Lugonu was extremely pleased with you.
You were hungry.

You visited 1 branch of the dungeon, and saw 8 of its levels.
You visited the Abyss 1 time.
You also visited: Bailey.

You collected 416 gold pieces.

Inventory:

Hand Weapons
 o - a +3 war axe of freezing (weapon)
   (You found it on level 2 of the Dungeon)
Missiles
 g - 4 throwing nets (quivered) {!f}
 i - 8 needles of confusion
Armour
 b - a +0 scale mail
   (You took it off a goblin on level 3 of the Dungeon)
 j - a +0 plate armour
   (You found it on level 1 of the Dungeon)
 m - a +2 ring mail of cold resistance (worn)
   (You took it off an orc on level 6 of the Dungeon)
 v - a +0 shield
   (You found it on level 2 of the Dungeon)
Jewellery
 a - a ring of wizardry (left hand)
   (You found it on level 3 of the Dungeon)
Scrolls
 c - 2 scrolls of remove curse {@r2}
 q - 5 scrolls of fog
Potions
 h - 4 potions of brilliance
Comestibles
 e - 16 rations {!d}


   Skills:
 + Level 10.3 Fighting
 * Level 12.5 Axes
 - Level 2.1 Armour
 - Level 0.8 Dodging
 - Level 2.1 Invocations


You had 10 spell levels left.
You didn't know any spells.
Your spell library was empty.

Dungeon Overview and Level Annotations

Branches:
Dungeon (8/15)             Temple (0/1) D:6
   Lair: D:8-11

Altars:
Elyvilon
Fedhas
Kikubaaqudgha
Makhleb
Nemelex Xobeh
Uskayaw
Wu Jian
Zin


Innate Abilities, Weirdness & Mutations

You cannot be hasted, slowed, berserked, paralysed or teleported.
You can dig through walls and to a lower floor.
Your four strong arms can wield two-handed weapons with a shield.
You have a pair of large antennae on your head. (SInv)
You are somewhat resistant to further mutation.


Message History

You climb upwards.
There is a stone staircase leading down here.
Okay, then.
You hit the queen ant. You freeze the queen ant. You hit the queen ant.
You freeze the queen ant. The queen ant stings you!
Your ring mail prevents you from hitting the queen ant.
The queen ant barely misses you.
You hit the queen ant but do no damage. The queen ant misses you.
You slash the queen ant! You freeze the queen ant! The queen ant stings you.
You slash the queen ant! You freeze the queen ant. The queen ant stings you!
You are poisoned.
The queen ant poisons you!
Unknown command.
You slash the queen ant! You freeze the queen ant.
You feel very sick. The queen ant stings you.
* * * LOW HITPOINT WARNING * * *
You barely miss the queen ant.
You feel sick.
The queen ant stings you but does no damage.
You slash the queen ant! You freeze the queen ant.
You feel very sick.
You completely miss the queen ant.
You feel very sick. The queen ant barely misses you.
You hit the queen ant. You freeze the queen ant.
You feel sick. The queen ant stings you.
* * * LOW HITPOINT WARNING * * *
You are lethally poisoned!
The queen ant poisons you!
You hit the queen ant but do no damage.
* * * LOW HITPOINT WARNING * * *
You feel extremely sick. The queen ant barely misses you.
You barely miss the queen ant.
* * * LOW HITPOINT WARNING * * *
You feel extremely sick.
The queen ant stings you but does no damage.
You hit the queen ant but do no damage.
* * * LOW HITPOINT WARNING * * *
You feel very sick.
The queen ant stings you but does no damage.
You hit the queen ant. You freeze the queen ant.
* * * LOW HITPOINT WARNING * * *
You feel very sick. The queen ant stings you.
* * * LOW HITPOINT WARNING * * *
You are more poisoned.
The queen ant poisons you!
You hit the queen ant but do no damage.
You die...

#.#...........##.##....?......
#.#.###....##.##.######...#.##
#.#.# ##.####.##.# ###.....
#.#.####.# #.##.# #.#.##
#........# #.##.########.#.#
###.###### #.##..........#.#
#.# #.#############.##
#.#########a# #...
#..........@# ####
#############


You could see a queen ant.

Vanquished Creatures
  A two-headed ogre (D:8)
  An orc knight (Bailey)
  A kobold demonologist (D:5)
  Grinder (D:6)
  4 hogs (D:7)
  A human (D:7)
  2 soldier ants (D:8)
  An ice beast (D:6)
  2 orc warriors (Bailey)
  3 phantoms
  5 ogres
  4 centaurs
  The ghost of Slunt the Chiller, an amateur MfIE (D:3)
  3 bullfrogs
  An electric eel (D:6)
  3 crimson imps
  A bullfrog zombie (D:5)
  5 gnoll shamans (D:5)
  A jelly (D:5)
  2 orc priests (D:5)
  2 centaur skeletons (D:4)
  6 orc wizards
  2 bullfrog skeletons
  9 worker ants
  A hound skeleton (D:6)
  A howler monkey skeleton (D:7)
  13 adders
  32 gnolls
  A shadow imp (D:5)
  An adder zombie (D:5)
  An adder skeleton (D:4)
  4 worms
  2 dart slugs (D:5)
  3 leopard geckos
  15 orcs
  2 ball pythons
  2 giant cockroaches
  8 goblins
  14 hobgoblins
  18 jackals
  4 quokkas
  11 bats
  7 frilled lizards
  19 kobolds
  11 rats
232 creatures vanquished.

Notes
Turn   | Place    | Note
-------+----------+-------------------------------------------
     0 | Abyss:1  | Jynxie the Formicid Abyssal Knight began the quest for the Orb.
     0 | Abyss:1  | Reached XP level 1. HP: 18/18 MP: 2/2
     5 | D:1      | Escaped the Abyss
   172 | D:1      | Reached XP level 2. HP: 23/24 MP: 3/3
   857 | D:1      | Reached XP level 3. HP: 30/30 MP: 4/4
   862 | D:1      | Reached skill level 3 in Axes
   883 | D:1      | Reached ** piety under Lugonu
  1039 | D:2      | Noticed a scorpion
  1589 | D:2      | Reached XP level 4. HP: 29/37 MP: 5/5
  2454 | D:3      | Reached skill level 4 in Axes
  2669 | D:3      | Noticed Slunt's ghost (amateur MfIE)
  2681 | D:3      | Killed Slunt's ghost
  2681 | D:3      | Reached XP level 5. HP: 43/43 MP: 6/6
  3061 | D:3      | Reached XP level 6. HP: 49/49 MP: 7/7
  3231 | D:4      | Reached skill level 5 in Axes
  3452 | D:4      | Found a hide-covered altar of Uskayaw.
  3494 | D:4      | Found an ancient bone altar of Kikubaaqudgha.
  3498 | D:4      | Reached skill level 5 in Fighting
  3527 | D:4      | Reached *** piety under Lugonu
  3620 | D:4      | Noticed a phantom
  3954 | D:4      | Reached XP level 7. HP: 56/56 MP: 8/8
  3980 | D:4      | Reached skill level 6 in Axes
  4555 | D:4      | Found an ornate altar of the Wu Jian Council.
  4731 | D:5      | Entered Level 5 of the Dungeon
  4754 | D:5      | Gained mutation: You are somewhat resistant to further mutation. [potion of mutation]
  5138 | D:5      | Noticed a kobold demonologist
  5139 | D:5      | Found a white marble altar of Elyvilon.
  5157 | D:5      | Reached skill level 7 in Axes
  5157 | D:5      | Reached XP level 8. HP: 60/64 MP: 9/9
  5396 | D:5      | Found a transporter.
  5404 | D:5      | Found a transporter.
  5502 | D:5      | Reached **** piety under Lugonu
  5502 | D:5      | Reached skill level 8 in Axes
  6450 | D:5      | Reached XP level 9. HP: 49/72 MP: 10/10
  6609 | D:5      | Found a burning altar of Makhleb.
  6663 | D:5      | Reached skill level 9 in Axes
  7535 | D:5      | Found a glowing silver altar of Zin.
  7739 | D:5      | Killed a kobold demonologist
  7835 | D:5      | Reached skill level 10 in Axes
  7871 | D:6      | Found a blossoming altar of Fedhas.
  7871 | D:6      | Noticed Grinder
  8416 | D:6      | Killed Grinder
  8590 | D:6      | Reached XP level 10. HP: 76/82 MP: 11/11
  8697 | D:6      | Found a staircase to the Ecumenical Temple.
  8760 | D:7      | Reached ***** piety under Lugonu
  8774 | D:7      | Found a sparkling altar of Nemelex Xobeh.
  8782 | D:7      | Found a flagged portal.
  8798 | Bailey   | Entered a bailey
  9000 | Bailey   | Reached skill level 11 in Axes
  9040 | Bailey   | Noticed an orc knight
  9052 | Bailey   | Killed an orc knight
  9111 | Bailey   | HP: 4/83 [orc warrior/hand axe (16)]
 10092 | D:7      | Reached skill level 12 in Axes
 10668 | D:7      | Reached skill level 10 in Fighting
 10764 | D:8      | Noticed a two-headed ogre
 10773 | D:8      | Killed a two-headed ogre
 10886 | D:8      | Noticed a queen ant
 10911 | D:8      | Reached XP level 11. HP: 56/92 MP: 12/12
 11260 | D:7      | Succumbed to a queen ant's poison

Vault maps used:
D:1:      lightli_arrival_windingriver
D:2:      first_ration, grunt_ministairs_11, minivault_23, minmay_pentomino_v2
D:4:      lemuel_crystal_altar, kennysheep_mini, kennysheep_little_box,
          minmay_ruptured
D:5:      lemuel_castle_with_subvaults, marbit_many_paths, bloody_makhleb,
          gammafunk_temple_overflow_arena
D:6:      fedhas_altar_1, minmay_temple_entry_hall, kennysheep_minor_cross,
          uniq_grinder
D:7:      nemelex_xobeh_ov_fountains_minmay, enter_bailey_2, grunt_livestock
D:8:      zaba_anthell
Bailey:   bailey_axe_1, bailey

Skill      XL: |  1  2  3  4  5  6  7  8  9 10 |
---------------+-------------------------------+-----
Axes           | 3 4 5 7 8 10 12 | 12.5
Fighting       | 4 5 6 7 8 10 | 10.3
Armour         | |  2.1
Dodging        | |  0.8
Invocations    | |  2.1

Action                   |  1- 3 |  4- 6 |  7- 9 | 10-12 || total
-------------------------+-------+-------+-------+-------++-------
Melee: Hand axe          |   114 |    11 |       |       ||   125
       War axe           |       |   124 |   337 |   160 ||   621
Throw: Tomahawk          |       |       |       |     4 ||     4
Invok: Bend Space        |     1 |     1 |       |       ||     2
 Abil: Dig               |       |       |     1 |     3 ||     4
  Use: Scroll            |     3 |       |    11 |     7 ||    21
       Potion            |       |     3 |     4 |     7 ||    14
 Stab: Sleeping          |     1 |       |       |       ||     1
  Eat: Chunk             |     2 |     7 |    16 |     1 ||    26
       Ration            |       |       |       |     2 ||     2
Armor: Leather armour    |    35 |     6 |       |       ||    41
       Ring mail         |       |    39 |    62 |    54 ||   155
       Skin              |       |     7 |     5 |     3 ||    15
Dodge: Dodged            |    63 |    72 |   152 |    93 ||   380

Table legend:
 A = Spawn XP
 B = Non-spawn XP
 C = Spawn XP percentage of total XP
 D = Spawn monster count
 E = Non-spawn monster count
 F = Spawn count percentage of total count
 G = Total turns spent on level
                    A         B        C        D         E        F      G
               +---------+---------+-------+---------+---------+-------+---------
         Total |       0 |    7798 |   0.0 |       0 |     232 |   0.0 | 11260
               +---------+---------+-------+---------+---------+-------+---------
           D:1 |       0 |      33 |   0.0 |       0 |      25 |   0.0 |  1199
           D:2 |       0 |      50 |   0.0 |       0 |      22 |   0.0 |   761
           D:3 |       0 |     199 |   0.0 |       0 |      23 |   0.0 |  1540
           D:4 |       0 |     433 |   0.0 |       0 |      21 |   0.0 |  1606
           D:5 |       0 |    2351 |   0.0 |       0 |      84 |   0.0 |  2994
           D:6 |       0 |    1000 |   0.0 |       0 |      11 |   0.0 |   637
           D:7 |       0 |    1485 |   0.0 |       0 |      19 |   0.0 |  2028
           D:8 |       0 |    1387 |   0.0 |       0 |       8 |   0.0 |   172
        Bailey |       0 |     860 |   0.0 |       0 |      19 |   0.0 |   318
               +---------+---------+-------+---------+---------+-------+---------
